 Dungeon Crawl Stone Soup version 0.27.0-1-g7a089689b8 (webtiles) character file.

Game seed: 10453924769149444821

164 SkeletonJelly the Slasher (level 5, -2/45 HPs)
             Began as a Draconian Monk on Aug 17, 2021.
             Was a Priest of Sif Muna.
             Slain by a scorpion (5 damage)
             ... on level 4 of the Dungeon.
             The game lasted 00:05:16 (3233 turns).

SkeletonJelly the Slasher (Draconian Monk)          Turns: 3233, Time: 00:05:16

Health: -2/45      AC:  5    Str: 13    XL:     5   Next: 21%
Magic:  8/8        EV: 12    Int: 11    God:    Sif Muna [***...]
Gold:   75         SH:  0    Dex: 14    Spells: 8/8 levels left

rFire    . . .     SeeInvis .   a - +1 falchion
rCold    . . .     Faith    .   (no shield)
rNeg     . . .     Spirit   .   (armour unavailable)
rPois    .         Reflect  .   (helmet restricted)
rElec    .         Harm     .   (no cloak)
rCorr    .         Rampage  .   (no gloves)
Will     .....                  (no boots)
Stlth    ++........             (no amulet)
HPRegen  0.15/turn              (no ring)
MPRegen  0.11/turn              (no ring)

@: no status effects
A: AC +5, unfitting armour, cold-blooded
a: Renounce Religion, Channel Magic, Forget Spell


You were on level 4 of the Dungeon.
You worshipped Sif Muna.
Sif Muna was most pleased with you.
You visited 1 branch of the dungeon, and saw 4 of its levels.

You collected 75 gold pieces.

Inventory:

Hand Weapons
 a - a +1 falchion (weapon)
Scrolls
 g - 2 scrolls of identify
Potions
 d - a potion of flight
 f - a potion of heal wounds
 i - a potion of curing


   Skills:
 - Level 3.2 Fighting
 * Level 5.2 Long Blades
 - Level 2.6 Dodging
 - Level 1.7 Stealth
 + Level 2.3 Spellcasting


You had 8 spell levels left.
You didn't know any spells.
Your spell library contained the following spells:

 Spells                   Type           Power      Damage    Failure   Level
 Corpse Rot               Necr/Air       N/A        N/A       38%         2
 Poisonous Vapours        Pois/Air       2%         N/A       38%         2
 Freezing Cloud           Conj/Ice/Air   0%         6-21      100%        5


Dungeon Overview and Level Annotations

Branches:
Dungeon (4/15)
 Temple: D:4-7

Altars:
Sif Muna
Beogh

Shops:
D:3 *

Annotations:
D:3 3 runed translucent doors, Thatpatchoflichen's ghost, weakling OpVM
D:4 Dowan


Innate Abilities, Weirdness & Mutations

Your plain brown scales are hard. (AC +5)
You cannot fit into any form of body armour.
You are cold-blooded and may be slowed by cold attacks.


Message History

You hit the bullfrog skeleton.
The bullfrog skeleton is severely damaged.
The bullfrog skeleton closely misses you.
The bullfrog skeleton barely misses you.
You hit the bullfrog skeleton.
The bullfrog skeleton is almost destroyed.
The bullfrog skeleton hits you but does no damage.
You hit the bullfrog skeleton.
You destroy the bullfrog skeleton!
Sif Muna accepts your kill.
You have reached level 5!
As you read the scroll labelled WASTAI KY TOPN, it crumbles to dust.
You feel strangely unstable.
It was a scroll of teleportation.
As you read the scroll labelled KOIDO TORUO, it crumbles to dust.
It is a scroll of identify.
d - a potion of flight
As you read the scroll labelled RUHUH OPRIKUPHIJE, it crumbles to dust.
It is a scroll of enchant weapon.
Your +0 falchion glows red for a moment.
As you read the scroll labelled QUF QAIXUREW, it crumbles to dust.
You hear a loud clanging noise!
It was a scroll of noise.
Your surroundings suddenly seem different.
An adder comes into view.
The adder moves out of view.
Found a scroll of identify.
Found a stone staircase leading down.
g - 2 scrolls of identify (gained 1)
A rat and an orc come into view.
The orc is wielding a +1 dagger of venom.
Found 10 arrows.
There are monsters nearby!
Found 20 stones.
Dowan, Brother of Duvessa comes into view.
He is wielding a +0 dagger.
Dowan moves out of view.
An orc warrior and an orc priest come into view.
The orc warrior shouts!
The orc priest shouts!
The rat closely misses you.
You hit the rat.
You kill the rat!
Sif Muna accepts your kill.
An orc wizard comes into view. It is wielding a +0 dagger.
A worm comes into view.
Okay, then.
The orc priest calls down the wrath of Beogh upon you.
Pain shoots through your body!
The orc wizard shouts!
The orc shouts!
You hear a shout! x3
The orc wizard casts a spell.
The orc wizard flickers and vanishes!
Deactivating autopickup; reactivate with Ctrl-A.
The orc priest calls down the wrath of Beogh upon you.
Beogh smites you!
An ogre comes into view. It is wielding a +0 giant club.
The orc priest calls down the wrath of Beogh upon you.
Beogh smites you!
A kobold and a centaur come into view.
The kobold shouts!
The centaur shouts!
You hear a shout!
You hear a howl!
You hear a shout! x4
A gnoll comes into view. It is wielding a +0 whip.
The orc warrior hits you with a +0 flail!
* * * LOW HITPOINT WARNING * * *
Found a manual of Staves.
A kobold comes into view. It is wielding a +0 club.
The kobold shouts!
A gnoll comes into view. It is wielding a +0 club.
A gnoll comes into view. It is wielding a +0 flail. x2
The gnoll shouts!
A ball python comes into view.
The ball python hisses angrily.
The kobold barely misses you.
Found a scroll of identify.
You hear the brisk rusting of a distant drain.
A scorpion comes into view.
Found a crooked glowing staff.
A howler monkey comes into view.
The gnoll hits you with a +0 flail.
* * * LOW HITPOINT WARNING * * *
The kobold barely misses you.
As you read the scroll of teleportation, it crumbles to dust.
You feel strangely unstable. The gnoll barely misses you.
The kobold barely misses you.
A goblin and a dart slug come into view.
The scorpion stings you but does no damage.
Your surroundings seem slightly different.
The goblin barely misses you. The goblin hits you but does no damage.
The centaur wields a +0 shortbow.
The centaur shoots an arrow.
The arrow hits you.
* * * LOW HITPOINT WARNING * * *
The dart slug launches a dart at you. The slug dart misses you.
The scorpion closely misses you.
Found a jade ring.
Found a glowing red potion.
The scorpion misses you.
An orc wizard appears from thin air!
Reactivating autopickup.
A hobgoblin comes into view.
The scorpion stings you.
You die...

...?.###. ?.. .....###.
. ... ........... ..
..###............. ...
#......#..........
....###..!.............#
#.....##.#............
#.g..##.##........#..
###@##.##..O.....#..
###.=s##.o..........#.
#....Kc..ogg......####
##...#.gS......####
#..###.........# ###
#..#.....## ##.#######
###


You could see a centaur, a scorpion, a hobgoblin (wandering), a goblin and a
kobold.

Vanquished Creatures
  A bullfrog skeleton (D:4)
  Natasha (D:2)
  Terence (D:2)
  2 adders (D:2)
  A worm (D:2)
  4 orcs (D:3)
  4 endoplasms
  3 giant cockroaches
  5 goblins
  4 hobgoblins
  10 jackals
  3 quokkas (D:1)
  3 ball pythons (D:2)
  7 bats
  3 frilled lizards
  3 kobolds
  4 rats
59 creatures vanquished.

Notes
Turn   | Place    | Note
-------+----------+-------------------------------------------
     0 | D:1      | SkeletonJelly the Draconian Monk began the quest for the
                  | Orb.
     0 | D:1      | Reached XP level 1. HP: 19/19 MP: 1/1
    70 | D:1      | Found a faded altar of an unknown god.
    78 | D:1      | Became a worshipper of Sif Muna the Loreminder
    78 | D:1      | Reached * piety under Sif Muna
    78 | D:1      | Reached ** piety under Sif Muna
   357 | D:1      | Reached XP level 2. HP: 24/26 MP: 2/2
   589 | D:1      | Reached *** piety under Sif Muna
   647 | D:1      | Reached skill level 1 in Spellcasting
  1030 | D:2      | Noticed Terence
  1044 | D:2      | Killed Terence
  1045 | D:2      | Reached skill level 4 in Long Blades
  1045 | D:2      | Reached XP level 3. HP: 31/31 MP: 3/5
  1191 | D:2      | Reached XP level 4. HP: 35/38 MP: 6/6
  1612 | D:2      | Noticed Natasha
  1623 | D:2      | Killed Natasha
  2135 | D:3      | Found Iroyneh's General Store.
  2336 | D:3      | Reached skill level 5 in Long Blades
  2634 | D:3      | Found a runed translucent gate.
  2634 | D:3      | Found a runed translucent gate.
  2636 | D:3      | Found a runed translucent gate.
  2637 | D:3      | Noticed Thatpatchoflichen's ghost (weakling OpVM)
  2638 | D:3      | Identified the +3 chain mail "Adyiciss" {Dex+2}
  3165 | D:4      | Reached XP level 5. HP: 45/45 MP: 8/8
  3179 | D:4      | Noticed Dowan
  3180 | D:4      | Noticed an orc warrior
  3193 | D:4      | Noticed an ogre
  3198 | D:4      | Noticed a centaur
  3224 | D:4      | HP: 2/45 [centaur/arrow (6)]
  3233 | D:4      | Slain by a scorpion

Illustrated notes

Levels and vault maps discovered:
D:1:      dpeg_arrival_three_bigger_balls, layout_basic,
          hellmonk_ecumenical_altar_crossroads
D:2:      layout_loops_ring, minmay_misc_feat_doors, uniq_terence, uniq_natasha
D:3:      layout_loops_ring, serial_shops, nicolae_shop_stone,
          biasface_ghost_orc_armoury, grunt_decor_arrowhead,
          corexii_item_surrounded_by_moat
D:4:      layout_cave_pools, portal_sewer_entry_b, minmay_manual_mail,
          uniq_menkaure, uniq_duvessa

Skill      XL: |  1  2  3  4 |
---------------+-------------+-----
Spellcasting   | 1 2 |  2.3
Long Blades    | 4 5 |  5.2
Fighting       | |  3.2
Dodging        | |  2.6
Stealth        | |  1.7

Action                   |  1- 3 |  4- 6 || total
-------------------------+-------+-------++-------
Melee: Falchion          |    97 |   109 ||   206
       Tailslap          |     7 |    16 ||    23
Throw: Javelin           |       |     3 ||     3
  Use: Potion            |     2 |       ||     2
       Scroll            |       |     5 ||     5
 Stab: Sleeping          |     7 |     3 ||    10
       Distracted        |     1 |       ||     1
Armor: Skin              |    30 |    38 ||    68
Dodge: Dodged            |    66 |    80 ||   146
       Rpst.: Falchion   |    18 |    25 ||    43
